 Dungeon Crawl Stone Soup version 0.27.1-2-g3b301248ec (webtiles) character file.

Game seed: 6893536223768961083

81 MisterFreud the Shield-Bearer (level 4, 0/41 HPs)
             Began as a Gnoll Fighter on Sept 27, 2021.
             Killed from afar by Natasha (3 damage)
             ... with a magic dart
             ... on level 2 of the Dungeon.
             The game lasted 00:00:58 (956 turns).

MisterFreud the Shield-Bearer (Gnoll Fighter)        Turns: 956, Time: 00:00:59

Health: 0/41       AC:  7    Str: 15    XL:     4   Next: 40%
Magic:  5/5        EV:  8    Int:  9    God:
Gold:   28         SH: 10    Dex: 11    Spells: 5/5 levels left

rFire    . . .     SeeInvis .   a - +0 rapier
rCold    . . .     Faith    .   c - +0 kite shield
rNeg     . . .     Spirit   .   b - +0 scale mail
rPois    .         Reflect  .   (no helmet)
rElec    .         Harm     .   (no cloak)
rCorr    .         Rampage  .   (no gloves)
Will     .....                  (no boots)
Stlth    ..........             (no amulet)
HPRegen  0.13/turn              (no ring)
MPRegen  0.09/turn              (no ring)

@: no status effects
A: fangs 1, strong nose, distributed training
a: no special abilities


You were on level 2 of the Dungeon.
You visited 1 branch of the dungeon, and saw 2 of its levels.

You collected 28 gold pieces.

Inventory:

Hand Weapons
 a - a +0 rapier (weapon)
Armour
 b - a +0 scale mail (worn)
 c - a +0 kite shield (worn)
Scrolls
 g - a scroll of identify {unknown}
 h - a scroll of vulnerability {unknown}
 i - a scroll of enchant weapon {unknown}
 k - a scroll of magic mapping {unknown}
 l - 2 scrolls of amnesia {unknown}
Potions
 d - 2 potions of might
 e - a potion of berserk rage {unknown}
 f - a potion of curing {unknown}
 j - a potion of ambrosia {unknown}


   Skills:
 + Level 6.6 Fighting
 + Level 4.6 Short Blades
 + Level 1.1 Long Blades
 + Level 1.1 Axes
 + Level 1.1 Maces & Flails
 + Level 1.1 Polearms
 + Level 1.1 Staves
 + Level 1.1 Slings
 + Level 1.1 Bows
 + Level 1.1 Crossbows
 + Level 1.1 Throwing
 + Level 6.6 Armour
 + Level 1.1 Dodging
 + Level 1.1 Stealth
 + Level 6.6 Shields
 + Level 1.1 Unarmed Combat
 + Level 1.1 Spellcasting
 + Level 0.9 Conjurations
 + Level 0.9 Hexes
 + Level 0.9 Summonings
 + Level 0.9 Necromancy
 + Level 0.9 Translocations
 + Level 0.9 Transmutations
 + Level 0.9 Fire Magic
 + Level 0.9 Ice Magic
 + Level 0.9 Air Magic
 + Level 0.9 Earth Magic
 + Level 0.9 Poison Magic
 + Level 1.2 Invocations
 + Level 1.1 Evocations


You had 5 spell levels left.
You didn't know any spells.
Your spell library was empty.

Dungeon Overview and Level Annotations

Branches:
Dungeon (2/15)

Altars:

Annotations:
D:2 Natasha


Innate Abilities, Weirdness & Mutations

You have very sharp teeth.
Your uncanny sense of smell can sniff out nearby items.
Your experience applies equally to all skills.


Message History

Natasha is almost dead.
Natasha stares at you and mumbles some strange words.
The magic dart hits you but does no damage.
The white imp gestures at you. The puff of frost hits you!
Unknown command.
You barely miss Natasha. You bite Natasha.
You kill Natasha!
Natasha yowls pathetically as she dies!
The shadow imp disappears in a puff of smoke!
The white imp disappears in a puff of smoke!
You have reached level 4!
You feel clever.
A worm comes into view.
A worm is nearby!
A worm is nearby!
You are too injured to fight recklessly!
You see here a quokka corpse.
Natasha, Servant of Life and Death comes into view.
Natasha hisses angrily.
Natasha casts a spell.
You see here a bat corpse.
The crimson imp picks up a beetle and eats it.
Natasha howls an incantation.
Natasha shimmers violently.
Natasha casts a spell at you. The magic dart hits you.
Natasha stares at you and mumbles some strange words.
The magic dart hits you.
* * * LOW HITPOINT WARNING * * *
Natasha stares at you and mumbles some strange words.
The magic dart hits you.
* * * LOW HITPOINT WARNING * * *
Natasha stares at you and mumbles some strange words.
The magic dart hits you!
* * * LOW HITPOINT WARNING * * *
You see here the felid corpse of Natasha.
Natasha stares at you and mumbles some strange words.
The magic dart hits you.
You die...

w. .# .###.# .....# #########
....##.# #.......##############
.......# #.......#............#
.##.### #..####.#.####.#####.#
..#.# #..#...........# #.###
#.#.# #..#.##.#.####.# #...#
#†#.# #.....†@#.####.# #.#.#
....# #.......#......#####....
..†#######.......######.......#.#
........##h.#.#..###########.#...
...##5...5..#.#..##.....# #.#...
........#...#.#...#.....# #.#...
........#...#.#..#......# #.....
..................#.....# ####.#
...#..#.#.###.#####.....# #...#


You could see Natasha and a crimson imp (summoned).

Vanquished Creatures
  Natasha (twice) (D:2)
  3 dart slugs (D:1)
  2 ball pythons (D:1)
  2 endoplasms (D:1)
  2 goblins (D:1)
  A hobgoblin (D:1)
  A jackal (D:1)
  3 quokkas
  5 bats
  A frilled lizard (D:1)
  A kobold (D:1)
23 creatures vanquished.

Notes
Turn   | Place    | Note
-------+----------+-------------------------------------------
     0 | D:1      | MisterFreud the Gnoll Fighter began the quest for the Orb.
     0 | D:1      | Reached XP level 1. HP: 23/23 MP: 1/1
   177 | D:1      | Reached XP level 2. HP: 29/29 MP: 2/2
   593 | D:1      | Reached XP level 3. HP: 35/35 MP: 3/3
   801 | D:2      | Noticed Natasha
   817 | D:2      | Killed Natasha
   818 | D:2      | Reached skill level 1 in Long Blades
   818 | D:2      | Reached skill level 1 in Axes
   818 | D:2      | Reached skill level 1 in Maces & Flails
   818 | D:2      | Reached skill level 1 in Polearms
   818 | D:2      | Reached skill level 1 in Staves
   818 | D:2      | Reached skill level 1 in Slings
   818 | D:2      | Reached skill level 1 in Bows
   818 | D:2      | Reached skill level 1 in Crossbows
   818 | D:2      | Reached skill level 1 in Throwing
   818 | D:2      | Reached skill level 1 in Dodging
   818 | D:2      | Reached skill level 1 in Stealth
   818 | D:2      | Reached skill level 1 in Unarmed Combat
   818 | D:2      | Reached skill level 1 in Spellcasting
   818 | D:2      | Reached skill level 1 in Invocations
   818 | D:2      | Reached skill level 1 in Evocations
   891 | D:2      | Noticed Natasha
   908 | D:2      | Killed Natasha
   909 | D:2      | Reached XP level 4. HP: 16/41 MP: 5/5
   940 | D:2      | Noticed Natasha
   956 | D:2      | Killed from afar by Natasha

Illustrated notes

Levels and vault maps discovered:
D:1:      amcnicky_arrival_gap_in_the_tavern_cellar, layout_loops_ring,
          minmay_pentomino_v2
D:2:      layout_loops_cross, minmay_misc_feat_ornament, uniq_natasha

Skill      XL: |  1  2  3 |
---------------+----------+-----
Long Blades    | 1 |  1.1
Axes           | 1 |  1.1
Maces & Flails | 1 |  1.1
Polearms       | 1 |  1.1
Staves         | 1 |  1.1
Slings         | 1 |  1.1
Bows           | 1 |  1.1
Crossbows      | 1 |  1.1
Throwing       | 1 |  1.1
Dodging        | 1 |  1.1
Stealth        | 1 |  1.1
Unarmed Combat | 1 |  1.1
Spellcasting   | 1 |  1.1
Invocations    | 1 |  1.2
Evocations     | 1 |  1.1
Fighting       | |  6.6
Short Blades   | |  4.6
Armour         | |  6.6
Shields        | |  6.6
Conjurations   | |  0.9
Hexes          | |  0.9
Summonings     | |  0.9
Necromancy     | |  0.9
Translocations | |  0.9
Transmutations | |  0.9
Fire Magic     | |  0.9
Ice Magic      | |  0.9
Air Magic      | |  0.9
Earth Magic    | |  0.9
Poison Magic   | |  0.9

Action                   |  1- 3 |  4- 6 || total
-------------------------+-------+-------++-------
Melee: Rapier            |    75 |       ||    75
       Bite              |     5 |       ||     5
Armor: Scale mail        |    34 |       ||    34
Dodge: Dodged            |    16 |       ||    16
Block: Kite shield       |    40 |       ||    40
